Map: Ever Dream LE

Players

Namshar - Winner!

  • Race: Zerg Zerg
  • League: Master
  • Spawn Location: 1:00

Scarlett

  • Race: Zerg Zerg
  • Spawn Location: 7:00

Event: DreamHack SC2 Masters 2020 Fall

VOD

Have the link to the VOD?

Description

Time

  • Played on: Sept. 4, 2020, 4:19 p.m.
  • Length: 19:37

All games in this series

Show
View Real Time Build Order
Export as new Build Order

Namshar Zerg - Winner!

Build Orders: Hatch First, Lurkers 

Get SALT Encoding   

  12  0:00  Drone  
  13  0:12  Overlord  
  13  0:17  Drone  
  14  0:30  Drone x2  
  16  0:47  Hatchery  
  15  0:51  Drone  
  15  0:54  Drone  
  17  0:57  Drone  
  18  1:09  Extractor  
  17  1:13  Spawning Pool  
  17  1:16  Drone  
  17  1:19  Drone  
  18  1:27  Drone  
  19  1:39  Evolution Chamber  
  19  1:46  Hatchery  
  18  1:50  Evolution Chamber, Hatchery  
  17  2:00  Spine Crawler, Zergling x2  
  17  2:01  Zergling x4  
  20  2:19  Zergling x2  
  13  2:26  Zergling x2  
  10  2:39  Zergling x2  
  10  2:46  Zergling x2  
  13  3:06  Drone  
  13  3:12  Drone  
  15  3:19  Drone  
  14  3:28  Zergling x2  
  15  3:38  Zergling x2  
  16  3:49  Drone  
  17  3:59  Drone  
  18  4:08  Hatchery  
  17  4:11  Drone  
  18  4:20  Drone  
  19  4:33  Queen  
  21  4:44  Overlord  
  21  4:55  Metabolic Boost  
  21  5:00  Drone  
  21  5:05  Drone  
  23  5:10  Drone  
  24  5:16  Drone  
  25  5:26  Drone x2  
  27  5:38  Drone x2  
  29  5:45  Drone x3  
  32  5:52  Overlord  
  32  5:54  Drone  
  33  5:57  Drone  
  34  6:04  Queen  
  34  6:10  Drone x2  
  38  6:15  Baneling Nest  
  37  6:20  Drone x2  
  37  6:24  Drone x2  
  41  6:36  Overlord  
  41  6:37  Drone  
  41  6:45  Hatchery  
  40  6:55  Drone x4  
  40  6:58  Baneling x4  
  44  7:07  Drone, Overlord  
  45  7:19  Drone x6  
  45  7:22  Zerg Missile Weapons Level 1  
  51  7:27  Queen  
  51  7:29  Overlord  
  53  7:32  Drone x3  
  56  7:37  Lair  
  56  7:43  Overlord  
  56  7:51  Extractor  
  56  7:53  Extractor, Baneling x2  
  56  7:57  Queen  
  56  8:02  Queen  
  56  8:04  Drone x9  
  65  8:19  Drone x6  
  64  8:29  Drone x7  
  71  8:36  Roach Warren  
  71  8:41  Drone x5  
  71  8:42  Overseer  
  75  8:49  Extractor x2  
  75  8:50  Extractor, Zergling x6  
  75  8:58  Zergling x6  
  78  9:09  Zergling x10  
  76  9:11  Baneling x2  
  76  9:12  Baneling x2  
  76  9:14  Zergling x12  
  72  9:22  Queen  
  73  9:27  Drone  
  73  9:28  Hydralisk Den  
  73  9:29  Zerg Missile Weapons Level 2  
  73  9:30  Drone  
  74  9:33  Drone  
  74  9:34  Drone x4  
  74  9:37  Baneling x2  
  74  9:38  Overlord  
  77  9:39  Drone  
  77  9:51  Drone x3  
  75  9:53  Drone  
  75  9:57  Zerg Ground Armor Level 1  
  76  10:05  Glial Reconstitution, Roach x7  
  90  10:11  Overlord x3  
  90  10:22  Overlord  
  90  10:28  Hatchery  
  89  10:30  Pneumatized Carapace  
  89  10:32  Drone x2  
  89  10:33  Grooved Spines  
  89  10:48  Overlord x3  
  88  10:50  Roach x5  
  98  11:00  Hydralisk, Spore Crawler  
  98  11:01  Hydralisk x3  
  105  11:14  Overlord x2  
  105  11:16  Hydralisk x3, Ravager x2  
  105  11:17  Hydralisk  
  115  11:22  Lurker Den  
  112  11:27  Hydralisk x2  
  112  11:30  Roach x2  
  112  11:31  Roach  
  122  11:37  Ravager  
  122  11:38  Roach x3  
  129  11:45  Muscular Augments  
  129  11:48  Overseer  
  129  11:50  Roach x5  
  139  12:02  Unknown  
  139  12:06  Overlord  
  139  12:07  Roach x8  
  154  12:13  Hydralisk  
  154  12:14  Hydralisk x2  
  158  12:23  Lurker  
  158  12:25  Lurker  
  158  12:35  Drone, Spore Crawler  
  158  12:36  Drone, Spore Crawler  
  159  12:37  Drone x3  
  159  12:38  Hydralisk x3  
  159  12:41  Overlord x2  
  167  12:45  Drone, Infestation Pit  
  167  12:55  Lurker  
  168  12:58  Overlord  
  168  12:59  Overlord x3  
  168  13:02  Roach x4  
  168  13:04  Lurker x2  
  178  13:07  Lurker  
  136  13:20  Hydralisk  
  136  13:21  Roach x7  
  136  13:26  Roach x3  
  123  13:46  Hive, Hatchery  
  119  13:51  Lurker x2  
  119  13:53  Drone  
  122  13:57  Drone x2  
  122  13:58  Drone  
  122  13:59  Zerg Ground Armor Level 2  
  125  14:13  Hydralisk x5  
  133  14:20  Roach x4  
  133  14:22  Ravager  
  140  14:28  Roach x3  
  144  14:45  Roach x9  
  154  14:54  Roach x4  
  152  15:00  Roach x3  
  139  15:11  Roach x6  
  138  15:20  Roach x4  
  138  15:30  Lurker x3  
  138  15:31  Ravager  
  138  15:33  Seismic Spines  
  142  15:40  Hydralisk  
  142  15:41  Hydralisk x2  
  148  15:46  Drone x4  
  152  15:53  Zerg Missile Weapons Level 3  
  152  16:03  Hydralisk, Ravager x5  
  163  16:04  Roach x3  
  163  16:08  Ravager  
  164  16:17  Hydralisk x2  
  168  16:26  Hydralisk, Roach  
  168  16:27  Roach x4  
  168  16:30  Adaptive Talons  
  178  16:34  Hatchery  
  178  16:38  Ravager  
  178  16:41  Hydralisk x3  
  182  16:49  Zerg Ground Armor Level 3  
  182  17:00  Hydralisk  
  182  17:01  Hydralisk x5  
  189  17:11  Lurker x2  
  189  17:18  Drone  
  186  17:25  Lurker  
  186  17:26  Lurker  
  182  17:31  Hydralisk x4, Hatchery  
  182  17:32  Hydralisk  
  189  17:42  Hydralisk, Roach  
  189  17:43  Roach x3  
  192  18:07  Hydralisk  
  192  18:08  Roach x3  
  187  18:39  Roach x4  
  191  18:43  Lurker x5, Overlord  
  191  18:44  Overlord  
  196  18:53  Hydralisk  
Show
View Real Time Build Order
Export as new Build Order

Scarlett Zerg 

Build Orders: Pool First 

Get SALT Encoding   

  12  0:17  Spawning Pool  
  11  0:21  Drone  
  11  0:25  Drone  
  13  0:30  Drone  
  14  0:40  Overlord  
  14  1:03  Zergling x4  
  16  1:04  Zergling x2  
  17  1:16  Zergling x2  
  18  1:27  Zergling x2  
  19  1:40  Zergling x2  
  20  1:52  Zergling x2  
  20  2:00  Zergling x2  
  21  2:09  Spine Crawler  
  21  2:14  Spine Crawler  
  19  2:16  Zergling x2  
  19  2:22  Zergling x2  
  16  2:31  Zergling x2  
  14  2:42  Drone  
  13  2:55  Drone  
  14  3:02  Drone  
  15  3:19  Drone  
  16  3:24  Drone  
  17  3:35  Queen  
  17  3:40  Drone  
  20  3:55  Overlord  
  20  3:56  Drone  
  21  4:12  Queen  
  21  4:14  Drone  
  24  4:22  Drone  
  25  4:36  Zergling x2  
  26  4:42  Zergling x2  
  27  4:52  Drone x2, Overlord  
  29  4:56  Hatchery  
  28  5:02  Extractor  
  27  5:08  Drone  
  27  5:13  Queen  
  30  5:21  Drone x2  
  30  5:22  Drone  
  30  5:27  Drone  
  30  5:28  Drone  
  35  5:35  Overlord  
  35  5:50  Drone  
  35  5:54  Drone x3  
  39  6:03  Drone  
  40  6:09  Metabolic Boost  
  40  6:10  Drone  
  41  6:15  Drone  
  42  6:20  Zergling x2  
  43  6:26  Zergling x8  
  43  6:32  Baneling Nest  
  46  6:35  Drone  
  47  6:40  Drone x4  
  47  6:43  Overlord  
  51  6:55  Overlord  
  51  7:02  Hatchery  
  50  7:15  Zergling x12  
  56  7:16  Baneling  
  56  7:17  Baneling x3  
  56  7:24  Drone x6  
  56  7:27  Drone, Extractor  
  56  7:28  Extractor  
  61  7:38  Drone x2, Hatchery  
  61  7:39  Drone x2  
  61  7:40  Baneling x2  
  64  7:48  Overlord  
  64  7:53  Drone, Overlord  
  64  7:55  Extractor  
  64  7:59  Evolution Chamber, Lair  
  64  8:00  Drone x2  
  64  8:03  Drone  
  66  8:05  Overlord  
  66  8:07  Drone  
  65  8:22  Drone x2  
  65  8:26  Zerg Missile Weapons Level 1  
  66  8:28  Drone x3  
  66  8:30  Baneling x2  
  66  8:31  Drone, Roach Warren, Baneling x2  
  66  8:32  Drone  
  70  8:41  Pneumatized Carapace  
  70  8:44  Overlord  
  70  8:45  Drone x4  
  74  8:53  Baneling x5  
  74  8:57  Drone x5  
  72  9:16  Spire  
  65  9:21  Roach x5  
  65  9:22  Roach x4  
  82  9:27  Overseer  
  82  9:29  Drone x3  
  85  9:31  Extractor  
  85  9:32  Extractor  
  85  9:34  Glial Reconstitution  
  83  9:47  Drone  
  83  9:50  Drone x8  
  83  9:51  Drone  
  92  10:07  Roach x5, Centrifical Hooks  
  102  10:14  Drone  
  102  10:19  Overlord x2  
  102  10:20  Overlord x4  
  103  10:28  Overlord  
  103  10:29  Overlord x2  
  103  10:30  Zerg Missile Weapons Level 2  
  103  10:31  Hatchery  
  102  10:37  Overlord  
  102  10:38  Roach x3  
  108  10:48  Zergling x14  
  115  10:55  Overseer  
  115  11:00  Roach  
  115  11:01  Roach x3, Hatchery  
  122  11:08  Overlord  
  122  11:15  Zergling x14  
  129  11:34  Roach x4  
  129  11:35  Roach x5  
  129  11:38  Unknown  
  147  11:47  Zergling x12  
  152  11:54  Roach  
  152  11:55  Roach x9  
  152  11:57  Baneling  
  152  11:58  Baneling x6  
  152  11:59  Baneling  
  152  12:00  Baneling  
  172  12:21  Overlord  
  172  12:22  Roach x4  
  182  12:23  Roach x6  
  178  12:35  Zergling x18  
  187  12:46  Baneling  
  187  12:47  Baneling x15  
  187  12:55  Baneling x11  
  187  12:56  Baneling  
  187  12:57  Overseer  
  186  13:04  Roach x4  
  194  13:07  Baneling x7  
  159  13:20  Roach x7  
  142  13:32  Roach  
  142  13:33  Roach x6  
  130  13:45  Ravager x8  
  130  13:46  Ravager, Overseer  
  139  13:49  Drone x3  
  139  13:50  Drone x3  
  139  13:52  Drone  
  139  13:53  Drone  
  139  13:54  Ravager x2  
  139  13:55  Ravager x5  
  154  14:03  Roach x5  
  164  14:13  Roach x5  
  172  14:23  Ravager  
  173  14:24  Ravager  
  172  14:40  Roach x9  
  172  14:41  Overlord  
  172  14:44  Overseer  
  187  14:48  Roach  
  179  14:58  Roach x7  
  179  14:59  Overlord  
  181  15:04  Roach x9  
  177  15:10  Roach x3  
  177  15:11  Roach x3, Overseer  
  180  15:17  Roach  
  180  15:18  Roach x3  
  158  15:25  Roach x5  
  168  15:29  Ravager  
  168  15:30  Ravager  
  168  15:34  Roach x4  
  178  15:41  Roach x2  
  182  15:47  Overlord x3  
  182  15:55  Zerg Flyer Weapons Level 1  
  180  16:02  Roach  
  180  16:03  Overlord  
  182  16:06  Overseer  
  178  16:32  Roach x11  
  186  17:10  Roach  
  186  17:11  Roach x6  
  192  17:31  Roach  
  192  17:32  Roach x3  
  188  17:55  Roach x6  
  196  18:17  Overseer x2  
  189  18:22  Overlord, Mutalisk  
  189  18:23  Mutalisk x3  
  193  18:31  Overseer  
  193  18:32  Overlord x2  
  134  18:41  Mutalisk x2  
  134  18:42  Mutalisk x14  
  134  18:44  Mutalisk x3  
  166  18:59  Mutalisk x2  
  166  19:02  Zergling x18  
  150  19:03  Zergling x14  

Tags
 
Add a new tag
Caveats
  • Supply blocks, unpowered buildings, or Contaminate may cause inaccurate times.
  • Supply counts are checked every 10 seconds.